 Dungeon Crawl Stone Soup version 0.31.0-32-g396128a36d (webtiles) character file.

Game seed: 17576584338345227178

751 Heoruswealwe the Thaumaturge (level 7, 0/32 (36) HPs)
             Began as a Deep Elf Conjurer on Mar 22, 2024.
             Was an Initiate of Vehumet.
             Slain by Dowan
             ... wielding a +2 dagger of draining
              (2 damage)
             ... on level 5 of the Dungeon.
             The game lasted 00:33:45 (4036 turns).

Heoruswealwe the Thaumaturge (Deep Elf Conjurer)    Turns: 4036, Time: 00:33:45

HP:   0/32 (36)     AC:  2    Str:  4    XL:     7   Next: 49%
MP:   3/20          EV: 12    Int: 25    God:    Vehumet [......]
Gold: 224           SH:  0    Dex: 13    Spells: 8/22 levels left

rFire   . . .        a - +2 war axe (heavy)
rCold   . . .        (no shield)
rNeg    . . .        c - +0 robe
rPois   .            (no helmet)
rElec   .            (no cloak)
rCorr   .            (no gloves)
SInv    .            (no boots)
Will    .....        i - amulet of magic regeneration
Stlth   ++           (no ring)
HPRegen 0.25/turn    (no ring)
MPRegen 0.57/turn

%: no passive effects
@: heavily drained
A: no striking features
a: Renounce Religion


You were on level 5 of the Dungeon.
You worshipped Vehumet.
Vehumet was noncommittal.
You visited 2 branches of the dungeon, and saw 6 of its levels.

You collected 224 gold pieces.

Inventory:

Hand Weapons
 a - a +2 heavy war axe (weapon)
Armour
 c - a +0 robe (worn)
 f - a +0 robe
 p - a +0 robe
Jewellery
 i - an amulet of magic regeneration (around neck)
 u - a ring of flight
Wands
 s - a wand of iceblast (12)
Scrolls
 e - 5 scrolls of teleportation
 j - 3 scrolls of enchant weapon {unknown}
 m - 2 scrolls of identify {unknown}
 n - 2 scrolls of poison {unknown}
 r - a scroll of immolation {unknown}
 t - a scroll of fog {unknown}
Potions
 b - a potion of magic
 d - 2 potions of enlightenment {unknown}
 g - 2 potions of heal wounds {unknown}
 h - 2 potions of curing {unknown}
 k - a potion of cancellation {unknown}
 l - 2 potions of resistance {unknown}
 o - a potion of brilliance {unknown}
 q - a potion of might {unknown}
 v - a potion of lignification {unknown}


   Skills:
 - Level 2.4 Dodging
 - Level 2.4 Stealth
 + Level 8.2 Spellcasting
 + Level 7.8 Conjurations


You had 8 spell levels left.
You knew the following spells:

 Your Spells              Type           Power      Damage    Failure   Level
a - Magic Dart            Conj           100%       1d8       1%          1
b - Searing Ray           Conj           98%        2d8       1%          2
c - Stone Arrow           Conj/Erth      60%        3d10      3%          3
d - Iskenderun's Mystic   Conj/Tloc      30%        2d8       12%         4
e - Fulminant Prism       Conj/Alch      15%        3d11      12%         4

Your spell library contained the following spells:

 Spells                   Type           Power      Damage    Failure   Level
 Necrotise                Necr           40%        1d6       6%          1
 Call Imp                 Summ           20%        N/A       9%          2
 Sublimation of Blood     Necr           10%        N/A       9%          2
 Vampiric Draining        Necr           10%        2d6       19%         3
 Animate Armour           Summ/Erth      20%        N/A       52%         4
 Martyr's Knell           Necr/Summ      10%        N/A       52%         4
 Curse of Agony           Necr           10%        N/A       86%         5
 Summon Forest            Summ/Tloc      5%         N/A       86%         5
 Eringya's Noxious Bog    Alch           5%         4d6       100%        6
 Summon Hydra             Summ           5%         N/A       100%        7
 Lehudib's Crystal Spear  Conj/Erth      15%        10d5      100%        8


Dungeon Overview and Level Annotations

Branches:
Dungeon (5/15)             Temple (1/1) D:4

Altars:
Ashenzari
Cheibriados
Elyvilon
Fedhas
Hepliaklqana
Kikubaaqudgha
Makhleb
Okawaru
Qazlal
Ru
Sif Muna
Trog
Uskayaw
Vehumet
Wu Jian
Xom
Zin
The Shining One

Annotations:
D:5 Dowan


Message History

The stone arrow hits Duvessa!
Duvessa is almost dead.
Duvessa hits you with a +0 short sword.
Casting: Stone Arrow (dangerous; 3% risk of failure)
Confirm with . or Enter, or press ? or * to list all spells.
Aiming: Stone Arrow (dangerous; 3% risk of failure)
Press: ? - help, Shift-Dir - straight line, f/p - Duvessa
Aim: Duvessa, wielding a +0 short sword and wearing a +3 chain mail of fire resistance (almost dead, 83% to hit)
The stone arrow hits Duvessa.
You kill Duvessa!
Vehumet accepts your kill.
Dowan screams, "No!
No!"
Dowan seems to find hidden reserves of power!
Dowan hits you with a +2 dagger of draining.
You feel drained.
Your life force feels restored.
Your Spellcasting skill increases to level 8!
Casting: Stone Arrow (dangerous; 3% risk of failure)
Confirm with . or Enter, or press ? or * to list all spells.
Aiming: Stone Arrow (dangerous; 3% risk of failure)
Press: ? - help, Shift-Dir - straight line, f - Dowan
Aim: Dowan, wielding a +2 dagger of draining and wearing a +0 robe (fast, 64% to hit)
The stone arrow hits Dowan!
Dowan is severely wounded.
Dowan misses you.
Dowan hits you with a +2 dagger of draining!
You feel drained.
Casting: Stone Arrow (dangerous; 3% risk of failure)
Confirm with . or Enter, or press ? or * to list all spells.
You don't know that spell.
You barely miss Dowan.
Dowan is severely wounded.
Dowan hits you with a +2 dagger of draining.
* * * LOW HITPOINT WARNING * * *
You feel drained.
* * * LOW HITPOINT WARNING * * *
Dowan hits you with a +2 dagger of draining.
* * * LOW HITPOINT WARNING * * *
You feel drained.
You die...

#....# #....# ....#######
#......[... #..........
#.......... #.e)....... ..
###..@.......
#..#######............
#.....................
..#.##.#########.##### #
#...........# #
####....##### ######
#######.#....##### #....##.#
#........###.....###.##.##..
#...[....#######)..#.##.####


You could see Dowan (fast).

Vanquished Creatures
  Grinder (D:3)
  Eustachio (D:4)
  Duvessa (D:5)
  A scorpion (D:4)
  A bombardier beetle (D:3)
  A jelly (D:3)
  Jessica (D:3)
  Natasha (thrice) (D:3)
  2 ribbon worms
  6 dart slugs
  3 orcs (D:5)
  6 endoplasms
  3 giant cockroaches
  6 hobgoblins
  4 jackals (D:4)
  6 kobolds
  2 quokkas
  10 ball pythons
  4 bats
  4 frilled lizards
  7 goblins
  3 rats
76 creatures vanquished.

Notes
Turn   | Place    | Note
-------+----------+-------------------------------------------
     0 | D:1      | Heoruswealwe the Deep Elf Conjurer began the quest for the
                  | Orb.
     0 | D:1      | Reached XP level 1. HP: 10/10 MP: 6/6
    79 | D:1      | Found a faded altar of an unknown god.
   386 | D:1      | Reached XP level 2. HP: 15/15 MP: 5/8
   389 | D:1      | Learned a level 2 spell: Searing Ray
   981 | D:2      | Reached skill level 4 in Spellcasting
  1015 | D:2      | Reached skill level 5 in Conjurations
  1015 | D:2      | Reached XP level 3. HP: 19/19 MP: 5/10
  1183 | D:2      | You fall into a shaft and drop 2 floors!
  1219 | D:3      | Reached XP level 4. HP: 24/24 MP: 8/12
  1226 | D:3      | Learned a level 4 spell: Fulminant Prism
  1231 | D:3      | Learned a level 4 spell: Iskenderun's Mystic Blast
  1331 | D:3      | Noticed Grinder
  1341 | D:3      | Killed Grinder
  1342 | D:3      | Reached skill level 6 in Spellcasting
  1342 | D:3      | Reached XP level 5. HP: 28/28 MP: 6/15
  1342 | D:3      | Reached XP level 6. HP: 32/32 MP: 6/17
  1424 | D:3      | Noticed Jessica
  1429 | D:3      | Killed Jessica
  2135 | D:3      | Found a snail-covered altar of Cheibriados.
  2382 | D:3      | Found a shimmering altar of Xom.
  2382 | D:3      | Found a blossoming altar of Fedhas.
  2390 | D:3      | Noticed Natasha
  2394 | D:3      | Killed Natasha
  2770 | D:3      | Found a snail-covered altar of Cheibriados.
  2960 | D:3      | Found a blossoming altar of Fedhas.
  2960 | D:3      | Noticed Natasha
  2964 | D:3      | Killed Natasha
  2965 | D:3      | Reached skill level 7 in Spellcasting
  2965 | D:3      | Found a shimmering altar of Xom.
  2983 | D:3      | Noticed Natasha
  2987 | D:3      | Killed Natasha
  3019 | D:4      | Learned a level 3 spell: Stone Arrow
  3059 | D:4      | Found a staircase to the Ecumenical Temple.
  3215 | Temple   | Entered the Ecumenical Temple
  3229 | Temple   | Became a worshipper of Vehumet
  3463 | D:4      | Noticed Eustachio
  3471 | D:4      | Killed Eustachio
  3472 | D:4      | Reached XP level 7. HP: 36/36 MP: 14/20
  3903 | D:5      | Entered Level 5 of the Dungeon
  4025 | D:5      | Noticed Duvessa
  4027 | D:5      | Noticed Dowan
  4034 | D:5      | Killed Duvessa
  4035 | D:5      | Reached skill level 8 in Spellcasting
  4036 | D:5      | Slain by Dowan

Illustrated notes

Levels and vault maps discovered:
D:1:      lemuel_arrival_muddy, layout_basic, nicolae_ecumenical_snake_handling
D:2:      layout_loops_ring, minmay_misc_feat_iff, hangedman_glass_teeth,
          minmay_misc_feat_tower
D:3:      layout_loops_cross, mainiacjoe_overflow_catwalk,
          gammafunk_temple_overflow_pools, minmay_misc_feat_hallway,
          uniq_grinder, uniq_jessica, uniq_natasha
D:4:      layout_gridville, temple_pool_b, uniq_eustachio
D:5:      layout_basic, uniq_duvessa, uniq_sigmund
Temple:   nicolae_temple_superstar

Skill      XL: |  1  2  3  4  5  6  7 |
---------------+----------------------+-----
Spellcasting   | 4 6 7 8 |  8.2
Conjurations   | 5 6 7 |  7.8
Dodging        | |  2.4
Stealth        | |  2.4

Action                     |  1- 3 |  4- 6 |  7- 9 || total
---------------------------+-------+-------+-------++-------
  Melee: Hand axe          |    22 |       |       ||    22
         War axe           |       |       |     2 ||     2
   Cast: Magic Dart        |    50 |    67 |    22 ||   139
         Searing Ray       |     2 |     8 |     1 ||    11
         Stone Arrow       |       |     1 |     8 ||     9
    Use: Scroll            |       |     1 |       ||     1
 Armour: Robe              |     2 |     4 |     8 ||    14
  Dodge: Dodged            |     5 |     6 |     8 ||    19
